 Dungeon Crawl Stone Soup version 0.30-a0-782-ge64f9170bb (webtiles) character file.

Game seed: 5916679130583538298

23 mopl the Vexing (level 2, -3/15 HPs)
             Began as a Deep Elf Enchanter on Mar 7, 2023.
             Shot with a sling bullet by a kobold (4 damage)
             ... on level 2 of the Dungeon.
             The game lasted 00:00:41 (453 turns).

mopl the Vexing (Deep Elf Enchanter)                 Turns: 453, Time: 00:00:41

Health: -3/15      AC:  2    Str:  5    XL:     2   Next: 72%
Magic:  4/8        EV: 12    Int: 19    God:
Gold:   16         SH:  0    Dex: 15    Spells: 6/8 levels left

rFire   . . .      SeeInvis .    a - +1 dagger
rCold   . . .      Faith    .    (no shield)
rNeg    . . .      Spirit   .    b - +0 robe
rPois   .          Reflect  .    (no helmet)
rElec   .          Harm     .    (no cloak)
rCorr   .          Rampage  .    (no gloves)
Will    .....                    (no boots)
Stlth   +++                      (no amulet)
HPRegen 0.22/turn                (no ring)
MPRegen 0.11/turn                (no ring)

@: no status effects
A: no striking features
a: no special abilities


You were on level 2 of the Dungeon.
You visited 1 branch of the dungeon, and saw 2 of its levels.

You collected 16 gold pieces.

Inventory:

Hand Weapons
 a - a +1 dagger (weapon)
Armour
 b - a +0 robe (worn)
Scrolls
 d - a scroll of noise {unknown}
 e - a scroll of vulnerability {unknown}
 f - a scroll of amnesia {unknown}
 g - a scroll of silence {unknown}
 h - 2 scrolls of identify {unknown}
Potions
 c - 2 potions of invisibility


   Skills:
 + Level 1.5 Short Blades
 - Level 2.4 Dodging
 + Level 4.0 Stealth
 + Level 3.5 Spellcasting
 + Level 4.4 Hexes


You had 6 spell levels left.
You knew the following spells:

 Your Spells              Type           Power      Damage    Failure   Level
b - Ensorcelled Hibernat  Hex/Ice        22%        N/A       9%          2

Your spell library contained the following spells:

 Spells                   Type           Power      Damage    Failure   Level
 Confusing Touch          Hex            20%        N/A       7%          3
 Tukima's Dance           Hex            20%        N/A       7%          3
 Dazzling Flash           Conj/Hex       22%        N/A       19%         3


Dungeon Overview and Level Annotations

Branches:
Dungeon (1/15)

Altars:


Message History

There is an open door here.
The kobold shoots a sling bullet.
The sling bullet closely misses you. The rat closely misses you.
The kobold shoots a sling bullet.
The sling bullet barely misses you.
You hit the rat.
You kill the rat!
The kobold shoots a sling bullet.
The sling bullet hits you.
The kobold shoots a sling bullet.
The sling bullet closely misses you.
The kobold shoots a sling bullet.
The sling bullet barely misses you.
The endoplasm quivers.
The endoplasm hits you.
The kobold shoots a sling bullet.
The sling bullet hits you.
You hit the endoplasm.
The endoplasm is severely wounded.
The endoplasm hits you but does no damage.
The kobold shoots a sling bullet.
The sling bullet hits you.
* * * LOW HITPOINT WARNING * * *
You are too injured to fight recklessly!
You are too injured to fight recklessly!
Casting: Ensorcelled Hibernation (safe; 9% risk of failure)
Confirm with . or Enter, or press ? or * to list all spells.
Aiming: Ensorcelled Hibernation (safe; 9% risk of failure)
Press: ? - help, Shift-Dir - straight line, f - endoplasm
Aim: an endoplasm (heavily wounded, chance to affect: 62%)
The endoplasm looks drowsy...
The kobold shoots a sling bullet.
The sling bullet hits you.
* * * LOW HITPOINT WARNING * * *
The helpless endoplasm fails to defend itself.
You puncture the endoplasm!
You kill the endoplasm!
The kobold shoots a sling bullet.
The sling bullet hits you.
* * * LOW HITPOINT WARNING * * *
Casting: Ensorcelled Hibernation (safe; 9% risk of failure)
Confirm with . or Enter, or press ? or * to list all spells.
Aiming: Ensorcelled Hibernation (safe; 9% risk of failure)
Press: ? - help, Shift-Dir - straight line, f - kobold
Aim: a kobold, wielding a +0 sling (chance to affect: 62%)
The kobold resists with significant effort.
The kobold shoots a sling bullet.
The sling bullet hits you.
You die...

...... .....#######.
............ ###
........... ..#
.......... ..#
#.........# ..#
#.........# ..#
#.@.......##### ..#
.. #......K.......
.[# ....
#.............. ..#
.....#..........$...
###
....................
....................#
........####'#......#
........# #.#......
## ........# #.#....#


You could see a kobold.

Vanquished Creatures
  An adder (D:2)
  A dart slug (D:2)
  An endoplasm (D:2)
  2 hobgoblins (D:2)
  A quokka (D:2)
  2 ball pythons (D:2)
  2 frilled lizards (D:2)
  A kobold (D:2)
  2 rats (D:2)
13 creatures vanquished.

Notes
Turn   | Place    | Note
-------+----------+-------------------------------------------
     0 | D:1      | mopl the Deep Elf Enchanter began the quest for the Orb.
     0 | D:1      | Reached XP level 1. HP: 10/10 MP: 6/6
     4 | D:1      | Noticed an anaconda
     6 | D:1      | You fall into a shaft and drop 1 floor!
   219 | D:2      | Reached XP level 2. HP: 15/15 MP: 8/8
   222 | D:2      | Learned a level 2 spell: Ensorcelled Hibernation
   280 | D:2      | Reached skill level 4 in Stealth
   453 | D:2      | Shot with a sling bullet by a kobold

Illustrated notes

Levels and vault maps discovered:
D:1:      sevenhm_arrival_forest_fort_small_2, layout_basic
D:2:      minmay_skewed_foursquare, layout_basic, uniq_crazy_yiuf_cottage

Skill      XL: |  1  2 |
---------------+-------+-----
Stealth        | 4 |  4.0
Short Blades   | |  1.5
Dodging        | |  2.4
Spellcasting   | |  3.5
Hexes          | |  4.4

Action                     || total
---------------------------++-------
  Melee: Dagger            ||    35
   Cast: Ensorcelled Hiber ||     5
   Stab: Sleeping          ||     6
 Armour: Robe              ||     8
  Dodge: Dodged            ||    18

Table legend: (Time is in decaauts)
 A = Elapsed time spent in this place.
 B = Non-inter-level travel time spent in this place.
 C = Inter-level travel time spent in this place.
 D = Time resting spent in this place.
 E = Time spent auto-exploring this place.
 F = Levels seen in this place.
 G = Mean time per level.
                   A        B        C        D        E       F      G
               +--------+--------+--------+--------+--------+-----+--------+
         Total |    450 |    450 |      0 |     37 |    315 |   2 |  225.0 |
       Dungeon |    450 |    450 |      0 |     37 |    315 |   2 |  225.0 |
               +--------+--------+--------+--------+--------+-----+--------+

Top non-repeatable levels by time:
     D:2: 444 daAuts
     D:1: 6 daAuts
